 Dungeon Crawl Stone Soup version 0.27.1 (webtiles) character file.

Game seed: 18339716577786277518

97 axiom the Chopper (level 4, -4/60 HPs)
             Began as a Minotaur Berserker on Sept 2, 2021.
             Was a Believer of Trog.
             Slain by Natasha (7 damage)
             ... on level 1 of the Dungeon.
             The game lasted 00:13:45 (2245 turns).

axiom the Chopper (Minotaur Berserker)              Turns: 2245, Time: 00:13:46

Health: -4/60      AC:  3    Str: 22    XL:     4   Next: 42%
Magic:  3/3        EV: 12    Int:  4    God:    Trog [**....]
Gold:   20         SH:  0    Dex: 10    Spells: 3/3 levels left

rFire    . . .     SeeInvis .   a - +0 hand axe
rCold    . . .     Faith    .   (no shield)
rNeg     . . .     Spirit   .   c - +0 leather armour
rPois    .         Reflect  .   (helmet restricted)
rElec    .         Harm     .   (no cloak)
rCorr    .         Rampage  .   (no gloves)
Will     .....                  (no boots)
Stlth    ..........             (no amulet)
HPRegen  0.20/turn              (no ring)
MPRegen  0.08/turn              (no ring)

@: berserking, slowed
A: horns 2, retaliatory headbutt
a: Renounce Religion, Berserk, Trog's Hand


You were on level 1 of the Dungeon.
You worshipped Trog.
Trog was pleased with you.
You visited 1 branch of the dungeon, and saw 2 of its levels.

You collected 20 gold pieces.

Inventory:

Hand Weapons
 a - a +0 hand axe (weapon)
Missiles
 e - 60 stones (quivered)
Armour
 b - a +0 animal skin
 c - a +0 leather armour (worn)
Scrolls
 f - a scroll of teleportation {unknown}
 g - a scroll of identify {unknown}
Potions
 d - a potion of ambrosia {unknown}


   Skills:
 + Level 4.3 Fighting
 * Level 4.9 Axes
 + Level 3.3 Armour
 + Level 3.0 Dodging


You had 3 spell levels left.
You didn't know any spells.
Your spell library was empty.

Dungeon Overview and Level Annotations

Branches:
Dungeon (2/15)

Altars:

Annotations:
D:1 Natasha


Innate Abilities, Weirdness & Mutations

You have a pair of horns on your head.
You reflexively headbutt those who attack you in melee.


Message History

The magic dart hits you!
Natasha wildly gestures.
Natasha shimmers violently.
Natasha casts a spell.
Natasha casts a spell at you.
You feel yourself slow down. Natasha casts a spell at you.
The magic dart hits you.
Natasha stares at you and mumbles some strange words.
The magic dart hits you. Natasha casts a spell at you. The magic dart hits you!
* * * LOW HITPOINT WARNING * * *
Natasha mumbles some strange words.
You feel troubled.
Natasha howls an incantation.
Natasha glows brightly for a moment.
Natasha closely misses you.
There is an escape hatch in the ceiling here.
Natasha claws you!
* * * LOW HITPOINT WARNING * * *
A mysterious force pulls you upwards. The hatch slams shut behind you.
You see here a +0 short sword.
A red film seems to cover your vision as you go berserk!
You feel yourself moving faster!
You feel mighty! Natasha claws you.
* * * LOW HITPOINT WARNING * * *
Natasha mumbles some strange words.
You slash Natasha!
Natasha is almost dead.
Natasha claws you!
* * * LOW HITPOINT WARNING * * *
You barely miss Natasha.
Natasha is almost dead.
You closely miss the white imp.
Natasha casts a spell.
The white imp hits you but does no damage.
You barely miss Natasha. Your headbutt misses Natasha.
Natasha is almost dead.
You slash the white imp! Natasha claws you!
You die...

#..####♣..####......#
#.#.###PP.#.P#......#
#.#..###P.'..#.♣....#
#.#..#######♣#...♣.##
#.....## #P.P♣.#
#..##..#######P...##
##..........###.5..#
#.........#..##♣h5.#####
##........##..##@......##
#.........###.....####..#
#.........# ###.#.# ##.#
##.#.###### #...# #.#
##....# ##.## #.#
####..###### #..# #.##
#####......####.#######..##
#.##............# #.......#
#)#..........#### #.##.##.#


You could see Natasha, a crimson imp (summoned) and a white imp (summoned).

Vanquished Creatures
  Natasha (twice) (D:2)
  2 gnolls (D:1)
  An orc (D:2)
  5 ball pythons
  3 bats
  2 endoplasms
  A giant cockroach (D:1)
  3 goblins (D:1)
  A hobgoblin (D:2)
  A quokka (D:1)
  A frilled lizard (D:2)
  4 kobolds
  2 rats (D:2)
28 creatures vanquished.

Notes
Turn   | Place    | Note
-------+----------+-------------------------------------------
     0 | D:1      | axiom the Minotaur Berserker began the quest for the Orb.
     0 | D:1      | Reached XP level 1. HP: 19/19 MP: 0/0
   207 | D:1      | Found a faded altar of an unknown god.
   444 | D:2      | Reached XP level 2. HP: 22/27 MP: 1/1
   953 | D:2      | Noticed Natasha
  1457 | D:2      | Killed Natasha
  1457 | D:2      | Reached ** piety under Trog
  1458 | D:2      | Reached XP level 3. HP: 22/33 MP: 2/2
  1726 | D:2      | Noticed Natasha
  1745 | D:2      | Killed Natasha
  1746 | D:2      | Reached XP level 4. HP: 29/40 MP: 3/3
  2217 | D:2      | Noticed Natasha
  2243 | D:1      | HP: 2/60 [Natasha (9)]
  2245 | D:1      | Slain by Natasha

Illustrated notes

Levels and vault maps discovered:
D:1:      denvon_arrival_planthouse, layout_rooms, ebering_ecumenical_altar_box,
          roderic_serpentine_path
D:2:      minmay_razor_zed, layout_basic, uniq_natasha

Skill      XL: |  1  2  3  4 |
---------------+-------------+-----
Axes           | 4 |  4.9
Fighting       | 4 |  4.3
Armour         | 3 |  3.3
Dodging        | 3 |  3.0

Action                   |  1- 3 |  4- 6 || total
-------------------------+-------+-------++-------
Melee: Hand axe          |    55 |    13 ||    68
       Headbutt          |     5 |     2 ||     7
Throw: Stone             |    11 |     4 ||    15
Invok: Berserk           |     2 |     1 ||     3
Armor: Leather armour    |    17 |     2 ||    19
Dodge: Dodged            |    37 |     8 ||    45
